[Event "Betsys MČR v online bleskovém šachu 2021"]
[Site "Chess.com"]
[Date "2021.04.17"]
[Round "8"]
[White "KarelZalesky"]
[Black "Simago"]
[Result "0-1"]
[WhiteElo "1793"]
[BlackElo "2096"]
[TimeControl "180+1"]
[EndTime "10:22:04 PDT"]
[Termination "Uživatel Simago zvítězil na čas"]

1. e4 c5 2. Nf3 g6 3. c3 Bg7 4.
d4 cxd4 5. cxd4 Nf6 6. Nc3 O-O 7. e5 Ne8 8. Bc4 Nc6 9. O-O d6 10. Qe2 Bg4 11. Rd1 a6 12. Bf4 Rc8 13. h3 Bxf3 14. Qxf3 b5 15. Bd5 Qb6 16. Bxc6 Qxc6 17. Nd5 Qd7 18.
Nb6 Qd8 19. Nxc8 Qxc8 20. Rdc1 Qb8 21. Rc6 a5 22. Rac1 dxe5 23. dxe5 Bxe5 24. Bxe5 Qxe5 25.
b3 Nd6 26. R6c5 Qb2 27. R5c2 Qd4 28. Qe2 Re8 29. Rd2 Qf6 30. Rcd1 Kf8 31. Qd3 a4 32. bxa4 bxa4 33. Qe3 Nf5 34. Qa3 Kg7 35. Qxa4 Rc8 36. Qb3 Rc3 37. Qb2 Rc6 38. Qxf6+ Kxf6 39. a4 Ra6 40. Ra1 e5 41. a5 Nd4 42. Rb2 Nf5 43. Rb6+ Rxb6 44. axb6 Nd6 45. Ra7 Nb5 46. b7 Nxa7 47.
b8=Q Nc6 0-1

[Event "Betsys MČR v online bleskovém šachu 2021"]
[Site "Chess.com"]
[Date "2021.04.17"]
[Round "8"]
[White "AJedlicka"]
[Black "fm_magua"]
[Result "0-1"]
[WhiteElo "2208"]
[BlackElo "2517"]
[TimeControl "180+1"]
[EndTime "10:22:07 PDT"]
[Termination "Uživatel fm_magua zvítězil na čas"]

1. d4 Nf6 2. c4 g6 3. Nc3 Bg7 4.
e4 O-O 5. Nf3 d6 6. Be2 e5 7.
Be3 Ng4 8. Bg5 f6 9. Bh4 g5 10.
Bg3 Nh6 11. h3 Nc6 12. d5 Ne7 13. Qd2 Ng6 14. Nh2 Nf4 15. Bxf4 exf4 16. Ng4 Nf7 17. h4 h5 18. Nh2 g4 19. Qxf4 Bh6 20. Qg3 Ne5 21. O-O f5 22. exf5 Rxf5 23. Ne4 Bf4 24. Qc3 Bxh2+ 25. Kxh2 Qxh4+ 26. Kg1 Bd7 27. Rae1 Raf8 28. Qg3 Qxg3 29. fxg3 Rxf1+ 30. Bxf1 Bf5 31. Nc3 a6 32. c5 Kg7 33. cxd6 cxd6 34. a4 Rc8 35. Kf2 Rc5 36. Rd1 Bc2 37. Rd4 Bg6 38.
Rb4 Rc7 39. Rb6 Bd3 40. Bxd3 Nxd3+ 41. Ke3 Ne5 42. Ke2 Nc4 43. Rb4 Nxb2 44. Rxb2 Rxc3 45.
Rxb7+ Kf6 46. Rb6 Ke5 47. Rxa6 Ra3 48. Ra5 Ke4 49. Ra8 Rxg3 50. Kf2 Ra3 51. Rh8 g3+ 52. Kf1 Ke3 53. Re8+ Kd2 54. Re2+ Kd3 55. Re6 Ra1+ 56. Re1 Rxa4 57. Re6 Ra1+ 0-1

[Event "Betsys MČR v online bleskovém šachu 2021"]
[Site "Chess.com"]
[Date "2021.04.17"]
[Round "8"]
[White "kol340"]
[Black "Krtecci"]
[Result "1/2-1/2"]
[WhiteElo "1849"]
[BlackElo "2074"]
[TimeControl "180+1"]
[EndTime "10:22:07 PDT"]
[Termination "Remíza – nedostatek materiálu"]

1. d4 Nf6 2. Nf3 e6 3. Bf4 b6 4. e3 Bb7 5. c4 Bb4+ 6. Nbd2 O-O 7. Bd3 Bxd2+ 8. Qxd2 Ne4 9. Qc2 f5 10. O-O d6 11. b4 Nd7 12. a4 Ndf6 13. Nd2 Qe8 14.
f3 Nxd2 15. Qxd2 Qh5 16. c5 Nd5 17. Bg3 Rad8 18. cxb6 cxb6 19. a5 Qg5 20. f4 Qf6 21.
Rac1 Rc8 22. Rxc8 Rxc8 23. Rc1 Qd8 24. e4 Rxc1+ 25. Qxc1 Nxb4 26. Bc4 d5 27. exd5 Bxd5 28. Be1 bxa5 29. Bb5 h6 30. h3 Qb6 31. Qc5 Qxc5 32. dxc5 Nc6 33. Kf2 Kf7 34. g4 fxg4 35.
hxg4 g6 36. Ke3 Ke7 37. Bxc6 Bxc6 38. Bxa5 Bd5 39. Kd4 Kd7 40. Ke5 Kc6 41. Bd2 a6 42. f5 gxf5 43. gxf5 exf5 44. Kxf5 h5 45. Kg5 Bf3 46. Bb4 Kb5 47. Ba3 Ka4 48. Bc1 Kb4 49.
c6 Kc5 50. c7 Bb7 51. Kxh5 a5 52. Bf4 a4 53. Bh6 a3 54. Bf8+ Kc6 55. Bxa3 Kxc7 1/2-1/2

[Event "Betsys MČR v online bleskovém šachu 2021"]
[Site "Chess.com"]
[Date "2021.04.17"]
[Round "8"]
[White "TrickyPeat"]
[Black "Pokemonchess"]
[Result "1-0"]
[WhiteElo "2195"]
[BlackElo "1935"]
[TimeControl "180+1"]
[EndTime "10:22:09 PDT"]
[Termination "Uživatel TrickyPeat zvítězil po vzdání soupeře"]

1. e4 c5 2. Nf3 Nc6 3. d3 g6 4.
Nbd2 Bg7 5. g3 Nf6 6. Bg2 d6 7. O-O O-O 8. Re1 Bg4 9. h3 Bd7 10. a4 Qc8 11. Kh2 Qc7 12. Nc4 a6 13. Bf4 b5 14. axb5 axb5 15. Rxa8 Rxa8 16. Ne3 e5 17. Bg5 Ne8 18. Nd5 Qa5 19. c3 f6 20. Bd2 Nc7 21. Nxc7 Qxc7 22. Qb3+ Kf8 23. h4 Na5 24. Qd5 Re8 25.
Bh3 Bc6 26. Qa2 Ra8 27. Qb1 Nb3 28. Qc2 Nxd2 29. Nxd2 Qa7 30. h5 Qa4 31. Qxa4 Rxa4 32. hxg6 hxg6 33. Be6 Ke7 34. Bb3 Ra8 35. Kg2 Bd7 36.
Rh1 Rh8 37. Ra1 Rb8 38. Ra7 Bh6 39. Nf3 Bg7 40. Nh4 g5 41. Nf5+ Kd8 42. Nxg7 Bg4 43. Nf5 Bxf5 44. exf5 Rb6 45. Bd5 Ke8 46. Kf3 b4 47. c4 b3 48. Kg4 Rb4 49. Kh5 Rb8 50. Kg6 Kf8 51. Kxf6 Rb6 52. Ra8+ Rb8 1-0

[Event "Betsys MČR v online bleskovém šachu 2021"]
[Site "Chess.com"]
[Date "2021.04.17"]
[Round "8"]
[White "kaprasov"]
[Black "honzasoucek"]
[Result "1-0"]
[WhiteElo "1866"]
[BlackElo "1623"]
[TimeControl "180+1"]
[EndTime "10:22:09 PDT"]
[Termination "Uživatel kaprasov zvítězil na čas"]

1. d4 d5 2. Bf4 Nf6 3. e3 c5 4. c3 Nc6 5. Nd2 Qb6 6. Qb3 c4 7.
Qc2 Bg4 8. h3 Bh5 9. g4 Bg6 10.
Qc1 e6 11. Ngf3 Be7 12. Ne5 Nxe5 13. Bxe5 O-O 14. Bf4 Bd6 15. Bg2 Nd7 16. O-O a5 17. Bxd6 Qxd6 18. e4 dxe4 19. Nxe4 Qc7 20. f4 Bxe4 21.
Bxe4 Nf6 22. Bg2 Rab8 23. Qe3 b5 24. a3 b4 25. axb4 axb4 26. Qe5 Qxe5 27. fxe5 Nd5 28. Bxd5 exd5 29. Ra4 bxc3 30. bxc3 Rb3 31. Rc1 Rfb8 32. Kg2 g6 33. Ra5 R8b5 34. Ra8+ Kg7 35. Ra7 Rb7 36. Ra5 R7b5 37. Ra7 Rb7 38. Ra2 Rb2+ 39. Rc2 Rxa2 40.
Rxa2 Rb3 41. Rc2 f6 42. exf6+ Kxf6 43. Kf3 Kg5 44. Kg3 Kf6 45. Kf4 h6 46. h4 g5+ 47.
hxg5+ hxg5+ 48. Ke3 Kg6 49. Kd2 Kf6 50. Ra2 Rb6 51. Kc2 Ke6 52. Ra8 Kf6 53. Rf8+ Ke6 54. Rg8 Kf6 55. Rf8+ Kg6 56. Rd8 1-0

[Event "Betsys MČR v online bleskovém šachu 2021"]
[Site "Chess.com"]
[Date "2021.04.17"]
[Round "8"]
[White "JIDEMONI"]
[Black "ReceptiveYoyo"]
[Result "0-1"]
[WhiteElo "1881"]
[BlackElo "1368"]
[TimeControl "180+1"]
[EndTime "10:22:11 PDT"]
[Termination "Uživatel ReceptiveYoyo zvítězil po vzdání soupeře"]

1. d4 d5 2. Nf3 e6 3. e3 Nf6 4. Bd3 Bd6 5. O-O c5 6. b3 cxd4 7. exd4 Nc6 8. Bb2 O-O 9. a3 Qe7 10. Nbd2 a6 11. Ne5 Nd7 12. f4 f6 13. Nxd7 Bxd7 14.
Qh5 g6 15. Qh6 Qg7 16. Qh4 g5 17. fxg5 fxg5 18. Qh5 h6 19. Nf3 Bf4 20. Rae1 Rae8 21. Ne5 Nxe5 22. dxe5 Rc8 23. g3 Bd2 24. Rxf8+ Kxf8 25.
Rf1+ Kg8 26. Bg6 Be3+ 27. Kg2 d4 28. Rf7 Bc6+ 29. Kh3 g4+ 30. Kxg4 Rf8 31. Rxg7+ Kxg7 32. Kh3 Rf2 33. Be8 Bg2+ 34. Kh4 Bg5+ 35. Qxg5+ hxg5+ 36. Kxg5 d3 37. Bd4 dxc2 38. Be3 Rf1 39. Kh5 c1=Q 40. Bxc1 Rxc1 41. Bd7 Bf3+ 42. Kh4 Kf7 43. Bc8 Rxc8 44. Kg5 Rc3 45. Kf4 Rxb3 46. h3 Rxa3 47. g4 Ra4+ 48. Kxf3 Ra3+ 49. Kf4 Rd3 50. Kg5 Rd4 51. h4 Rd3 52. h5 a5 53. h6 Rh3 0-1

[Event "Betsys MČR v online bleskovém šachu 2021"]
[Site "Chess.com"]
[Date "2021.04.17"]
[Round "8"]
[White "kominekmart"]
[Black "p_kana"]
[Result "0-1"]
[WhiteElo "1570"]
[BlackElo "1794"]
[TimeControl "180+1"]
[EndTime "10:22:12 PDT"]
[Termination "Uživatel p_kana zvítězil na čas"]

1. e4 c5 2. Nf3 e6 3. c3 d5 4. exd5 Qxd5 5. d4 Nf6 6. Be2 Nc6 7.
dxc5 Qxd1+ 8. Bxd1 Bxc5 9. O-O b6 10. Ba4 Bb7 11. Bg5 O-O 12. Bxf6 gxf6 13. Nbd2 Rfd8 14. Ne4 Be7 15. Rad1 f5 16. Ng3 Kf8 17. Rd2 Rxd2 18.
Nxd2 Ne5 19. Rd1 Rd8 20. Ndf1 Rxd1 21. Bxd1 Bd5 22. b3 Nd3 23. Ne3 Bc6 24. Ne2 Bf6 25. Bc2 Nc5 26. Nd4 Bd7 27. Kf1 Ne4 28. Bxe4 fxe4 29.
Nec2 Bg7 30. Ke2 f5 31. Ke3 Bh6+ 32. Ke2 Ke7 33. Nb4 Kd6 34. Nbc2 e5 35. Nxf5+ Bxf5 36. f3 exf3+ 37. gxf3 Bxc2 38. Kf2 Bd2 39. Ke2 Bxc3 40.
Ke3 Kd5 41. Ke2 e4 42. fxe4+ Kxe4 43. Kf2 Bb1 44. a3 Ba2 45. b4 Bb2 46. a4 Ba3 47.
b5 Bb3 48. a5 bxa5 49. b6 axb6 50. h4 h5 51. Ke2 Be7 52. Kd2 Bxh4 53. Ke2 Bg5 0-1

[Event "Betsys MČR v online bleskovém šachu 2021"]
[Site "Chess.com"]
[Date "2021.04.17"]
[Round "8"]
[White "Tomasn2003"]
[Black "TomSedmihradsky"]
[Result "1-0"]
[WhiteElo "1148"]
[BlackElo "1439"]
[TimeControl "180+1"]
[EndTime "10:22:12 PDT"]
[Termination "Uživatel Tomasn2003 zvítězil na čas"]

1. b3 e5 2. Bb2 Nc6 3. e3 d5 4.
Bb5 Bd7 5. Nf3 f6 6. Bxc6 Bxc6 7. Nc3 d4 8. exd4 exd4 9. Qe2+ Ne7 10. Ne4 Qd5 11.
d3 f5 12. Ned2 Rd8 13. O-O-O f4 14. Nxd4 Rg8 15. Nxc6 Qxc6 16. Nf3 g6 17. Rhe1 Rd7 18. h3 Kd8 19. Qe6 Qxe6 20. Rxe6 Rd6 21. Rxd6+ cxd6 22. Re1 Kd7 23. Bf6 b6 24. Bxe7 Bxe7 25. Nd4 Bg5 26. f3 Rc8 27. c4 Bf6 28. Nb5 a6 29. Na3 h6 30. Kd1 g5 31. Re2 Bc3 32. Rc2 Bb4 33.
Nb1 Bc5 34. Nc3 Ke6 35. Ne4 Ke7 36. Nxc5 dxc5 37. Re2+ Kf6 38. Kc2 Rd8 39. Kc3 Kf7 40. a3 Kg6 41. b4 Kg7 42. bxc5 Kf8 43. cxb6 Rb8 44. c5 Rc8 45. Kc4 Rc6 46. d4 Rc8 47. d5 a5 48. Kb5 Rb8 49. d6 Kf7 50. Re7+ 1-0

[Event "Betsys MČR v online bleskovém šachu 2021"]
[Site "Chess.com"]
[Date "2021.04.17"]
[Round "8"]
[White "jonvon640"]
[Black "Zelezny1984"]
[Result "0-1"]
[WhiteElo "1686"]
[BlackElo "2055"]
[TimeControl "180+1"]
[EndTime "10:22:13 PDT"]
[Termination "Uživatel Zelezny1984 zvítězil na čas"]

1. e4 c5 2. Nf3 a6 3. d4 cxd4 4. Nxd4 Nf6 5. e5 Qa5+ 6. c3 Qxe5+ 7. Qe2 Qxe2+ 8. Bxe2 Nc6 9. Be3 e5 10. Nxc6 bxc6 11.
Nd2 d5 12. Nb3 Bg4 13. h3 Bxe2 14. Kxe2 Nd7 15. Rad1 Be7 16. f4 f6 17. fxe5 fxe5 18. Rhf1 Rf8 19. Rxf8+ Kxf8 20. Rf1+ Ke8 21. g4 a5 22. a4 Rb8 23. Nxa5 Rxb2+ 24. Kd3 c5 25. c4 d4 26. Bc1 Ra2 27. Nc6 Bd6 28. Ke4 Rxa4 29. Kd5 Bc7 30. Bg5 e4 31. Be7 e3 32.
Re1 Ra6 33. h4 Bg3 34. Re2 Rxc6 35. Kxc6 Kxe7 36. Kd5 Bxh4 37. Ke4 Bf2 38. Kf5 Kd6 39. g5 d3 40. Ra2 d2 41. Ra6+ Ke7 42. Re6+ Kd8 43.
Rd6 e2 44. Rxd2 e1=Q 45. g6 hxg6+ 46. Kxg6 Qxd2 47. Kh7 Qd4 48. Kg8 g5 49. Kf7 g4 50.
Ke6 g3 51. Kf7 g2 52. Ke6 Qxc4+ 53. Kf5 Qd5+ 54. Kf4 Qe5+ 55. Kf3 Qe3+ 56. Kxg2 Be1 0-1

[Event "Betsys MČR v online bleskovém šachu 2021"]
[Site "Chess.com"]
[Date "2021.04.17"]
[Round "8"]
[White "pavelchrz"]
[Black "VeceraP1973"]
[Result "0-1"]
[WhiteElo "1703"]
[BlackElo "1921"]
[TimeControl "180+1"]
[EndTime "10:22:13 PDT"]
[Termination "Uživatel VeceraP1973 zvítězil matem"]

1. e4 c5 2. Nf3 Nc6 3. d4 cxd4 4. c3 dxc3 5. Nxc3 d6 6. Bc4 Nf6 7. e5 dxe5 8. Qxd8+ Kxd8 9. Ng5 Kc7 10. Nxf7 Rg8 11. Nxe5 Rh8 12. Bf4 Nxe5 13. Bxe5+ Kb6 14. a4 a5 15. Nb5 e6 16. Bc7+ Kc6 17. O-O b6 18.
Be2 Bb7 19. Rac1+ Bc5 20. Bf3+ Nd5 21. Rfd1 Rac8 22. Bg3 Rcd8 23. Na7+ Kd7 24. Bh4 Ra8 25.
Nb5 Bc6 26. h3 h6 27. Bg3 Rhd8 28. Nd4 Bxa4 29. b3 Bxd4 30. bxa4 Bc5 31. Bxd5 exd5 32. Rxd5+ Ke6 33. Re5+ Kf6 34. Rce1 Rd4 35. Re6+ Kf7 36.
Bh4 Rxh4 37. Rc6 Rxa4 38. Rc7+ Kg8 39. Rd1 Ra2 40. Rdd7 Bf8 41. g3 a4 42. Kg2 a3 43.
Ra7 Rxa7 44. Rxa7 Rb2 45. Kf3 b5 46. Kg4 b4 47. Kh5 Rxf2 48. Kg6 Rf6+ 49. Kh5 b3 50. g4 b2 51. Rb7 a2 52. Rxb2 a1=Q 53. Rg2 Qf1 54.
Rg3 Qf2 55. Kh4 g5+ 56. Kh5 Qxg3 57. h4 Qxh4# 0-1

[Event "Betsys MČR v online bleskovém šachu 2021"]
[Site "Chess.com"]
[Date "2021.04.17"]
[Round "8"]
[White "Dan1612"]
[Black "Sunnika"]
[Result "0-1"]
[WhiteElo "1980"]
[BlackElo "2288"]
[TimeControl "180+1"]
[EndTime "10:22:15 PDT"]
[Termination "Uživatel Sunnika zvítězil po vzdání soupeře"]

1. e4 e5 2. Nf3 Nc6 3. Bb5 Nf6 4.
O-O Nxe4 5. d4 Nd6 6. Ba4 exd4 7.
Nxd4 Be7 8. Nxc6 dxc6 9. Nc3 O-O 10. Be3 Bf5 11. Bb3 Bf6 12. Bc5 b6 13. Bd4 Bxd4 14.
Qxd4 c5 15. Qe5 Re8 16. Qf4 Bg6 17. Rfe1 h6 18. Bd5 Rb8 19. Bc6 Rxe1+ 20. Rxe1 Bxc2 21. Nb5 Bg6 22. Nxa7 Kh7 23. Nb5 Nxb5 24. Bxb5 Ra8 25. a4 Qd6 26. Qf3 Rd8 27. h3 Qd4 28. b3 Rd6 29. Bc4 Rf6 30. Qe3 Qb2 31. Re2 Qa1+ 32. Kh2 Qd4 33. Rd2 Qxe3 34. fxe3 Rd6 35. Rd5 Kg8 36.
Kg3 Kf8 37. Kf4 f6 38. e4 Bf7 39. Rxd6 cxd6 40. Bxf7 Kxf7 41. g4 Ke6 42. h4 g5+ 43.
hxg5 hxg5+ 44. Kf3 d5 45. Ke3 d4+ 46. Kd3 Ke5 47. Kc4 Kxe4 48. Kb5 d3 49. Kxb6 d2 50. a5 d1=Q 51. a6 Qxb3+ 52. Kc7 Qa4 53. Kb7 Qb5+ 54.
Ka7 c4 55. Ka8 Qxa6+ 56. Kb8 Qd6+ 0-1

[Event "Betsys MČR v online bleskovém šachu 2021"]
[Site "Chess.com"]
[Date "2021.04.17"]
[Round "8"]
[White "Chessillusion213"]
[Black "jhdghaka"]
[Result "1/2-1/2"]
[WhiteElo "2155"]
[BlackElo "1878"]
[TimeControl "180+1"]
[EndTime "10:22:17 PDT"]
[Termination "Remíza opakováním pozice"]

1. d4 d5 2. c4 e6 3. Nf3 Nf6 4. g3 Be7 5. Bg2 O-O 6. O-O c6 7. Qc2 Nbd7 8. Nbd2 b6 9. e4 dxe4 10. Nxe4 Bb7 11. Rd1 Nxe4 12. Qxe4 Nf6 13. Qc2 Qc8 14.
c5 Nd5 15. Ne5 Bf6 16. Nc4 Be7 17. Be3 Rd8 18. a3 Ba6 19. b4 Bxc4 20. Qxc4 b5 21. Qc2 a5 22. Qb3 Bf6 23. bxa5 Rxa5 24. a4 Qa8 25.
Bxd5 Rxd5 26. Bd2 Rxa4 27. Bc3 Rxa1 28. Rxa1 Qb7 29. Qa3 Rd8 30. Qa5 Rb8 31. Kg2 h6 32. Qb4 Ra8 33. h4 Rxa1 34. Bxa1 Qa8 35. Bc3 Qa4 36.
Qxa4 bxa4 37. Kf3 Kf8 38. Ke4 Ke7 39. Kd3 Kd7 40. Kc4 g5 41. h5 Bg7 42. Kb4 f5 43. Kxa4 f4 44. g4 Kc7 45. Kb4 Kb7 46.
Kc4 Ka6 47. f3 Bf6 48. Bd2 Bd8 49. Kd3 Bc7 50. Ke4 Kb5 51. Kd3 Bb8 52. Bc3 Bc7 53.
Bd2 Bb8 54. Bc1 Bc7 55. Bb2 Bb8 56. Bc3 Bc7 57. Bd2 1/2-1/2

[Event "Betsys MČR v online bleskovém šachu 2021"]
[Site "Chess.com"]
[Date "2021.04.17"]
[Round "8"]
[White "hever99"]
[Black "RousekJan"]
[Result "0-1"]
[WhiteElo "2005"]
[BlackElo "1816"]
[TimeControl "180+1"]
[EndTime "10:22:17 PDT"]
[Termination "Uživatel RousekJan zvítězil na čas"]

1. e4 c5 2. Nc3 e6 3. g3 Nc6 4. Bg2 Nge7 5. Nge2 g6 6. d4 cxd4 7. Nxd4 Bg7 8. Be3 O-O 9. Nxc6 Nxc6 10. O-O b6 11. Qd2 Qc7 12. Nb5 Qb8 13. Bf4 e5 14. Bg5 f6 15. Qd5+ Kh8 16. Be3 Ne7 17. Qd3 Ba6 18.
Qxd7 Rd8 19. Qxe7 Bxb5 20. Rfd1 Re8 21. Qf7 Rf8 22. Qb3 Bc6 23. a4 Qc7 24. a5 bxa5 25. Qc3 Rfd8 26. Rxd8+ Rxd8 27. h3 a4 28. Qc4 Rc8 29.
Qe2 Bb7 30. c3 a6 31. Rxa4 Qc6 32. Ra1 Qc4 33. Qxc4 Rxc4 34. Bf1 Rc6 35. Bd3 h5 36. Kf1 Kg8 37. Ke2 Kf7 38. Kd2 Ke6 39. Kc2 Kd6 40. b4 Bf8 41. c4 Kd7 42. Kb3 Rc7 43. b5 axb5 44. cxb5 Kc8 45. b6 Rc6 46. Bb5 Rd6 47.
Rc1+ Kb8 48. Rc7 Rd8 49. Rf7 Bd6 50. Rxf6 Bxe4 51. Rxg6 Bxg6 52. Bg5 Bf7+ 0-1

[Event "Betsys MČR v online bleskovém šachu 2021"]
[Site "Chess.com"]
[Date "2021.04.17"]
[Round "8"]
[White "CrisBenton4"]
[Black "starypomalymuz"]
[Result "0-1"]
[WhiteElo "1449"]
[BlackElo "1762"]
[TimeControl "180+1"]
[EndTime "10:22:17 PDT"]
[Termination "Uživatel starypomalymuz zvítězil po vzdání soupeře"]

1. Nf3 d5 2. c4 c6 3. e3 Bg4 4.
Nc3 e6 5. d4 f5 6. h3 Bxf3 7.
Qxf3 Nf6 8. Bd3 Bd6 9. c5 Bc7 10. O-O O-O 11. Bd2 Nbd7 12. a3 Ne4 13. Bxe4 fxe4 14.
Qe2 e5 15. dxe5 Nxe5 16. b4 Qh4 17. f4 exf3 18. gxf3 Qxh3 19. f4 Nc4 20. Rf2 Rae8 21. Rh2 Qf5 22. Re1 Rf6 23. e4 Rg6+ 24. Kh1 Qg4 25.
Qxg4 Rxg4 26. exd5 Rxe1+ 27. Bxe1 Bxf4 28. Re2 cxd5 29. Nxd5 Bg5 30. Ne7+ Bxe7 31. Rxe7 Nxa3 32. Rxb7 Nc2 33.
Re7 Nxe1 34. Rxe1 Rxb4 35. Ra1 Rb7 36. c6 Rc7 37. Ra6 Kf7 38. Kg2 Ke6 39. Ra4 Kd6 40.
Rg4 g6 41. Rf4 Kxc6 42. Rf6+ Kb7 43. Rf2 a5 44. Ra2 Ka6 45. Ra1 Rc3 46. Rh1 h5 47.
Rf1 Rc6 48. Rb1 a4 49. Rb4 Ka5 50. Rb1 a3 51. Ra1 Ka4 52. Kf2 Rc2+ 53. Kf3 a2 54. Ke3 Kb3 55. Kd3 Rb2 56. Kd4 Rb1 0-1

[Event "Betsys MČR v online bleskovém šachu 2021"]
[Site "Chess.com"]
[Date "2021.04.17"]
[Round "8"]
[White "Krvelacny_krecek"]
[Black "jachym08"]
[Result "0-1"]
[WhiteElo "2387"]
[BlackElo "2259"]
[TimeControl "180+1"]
[EndTime "10:22:18 PDT"]
[Termination "Uživatel jachym08 zvítězil na čas"]

1. d4 Nf6 2. c4 g6 3. g3 d5 4. cxd5 Nxd5 5. Bg2 Bg7 6. e4 Nb6 7. Ne2 O-O 8. O-O Bg4 9. f3 Bd7 10. Nbc3 Na6 11. b3 c5 12. d5 c4 13. Be3 Rc8 14.
Bd4 Nb4 15. Bxg7 Kxg7 16. Qd4+ Kg8 17. Rac1 Nd3 18. Rc2 e5 19. Qe3 Nb4 20. Rd1 Nxc2 21. Qd2 Nd4 22. Nxd4 exd4 23. Qxd4 cxb3 24. axb3 Qc7 25.
Ne2 Qc5 26. f4 Qxd4+ 27. Nxd4 Rc3 28. e5 Bf5 29. d6 Rd3 30. Rxd3 Bxd3 31. Bxb7 Rb8 32.
Bc6 Bf5 33. Kg2 Rc8 34. Kf3 Bd7 35. Be4 Rc3+ 36. Ke2 a5 37. Kd2 Rc8 38. Bf3 a4 39. bxa4 Bxa4 40. g4 Bd7 41. Kd3 h6 42. f5 Na4 43.
Bd5 Nc5+ 44. Ke3 gxf5 45. gxf5 Re8 46. e6 fxe6 47. fxe6 Kh8 48. e7 Rb8 49. Bf7 Kg7 50. Bh5 Ra8 51. Kf4 Be8 52. Ke5 Bxh5 53. Nf5+ Kf7 54.
Nxh6+ Kg6 55. Nf5 Nd7+ 56. Ke6 Bg4 57. Kxd7 Bxf5+ 58. Kc7 Kf7 59. Kb7 Rh8 60. Kc7 Rxh2 61. d7 Bxd7 0-1

[Event "Betsys MČR v online bleskovém šachu 2021"]
[Site "Chess.com"]
[Date "2021.04.17"]
[Round "8"]
[White "petrgnojek"]
[Black "Diamantidis_13"]
[Result "0-1"]
[WhiteElo "2259"]
[BlackElo "2449"]
[TimeControl "180+1"]
[EndTime "10:22:20 PDT"]
[Termination "Uživatel Diamantidis_13 zvítězil na čas"]

1. d4 Nf6 2. c4 e6 3. Nc3 Bb4 4.
Qc2 d6 5. e4 Nbd7 6. Nf3 e5 7.
Be3 Bxc3+ 8. bxc3 b6 9. h3 Bb7 10. Bd3 Qe7 11. Nd2 Nh5 12. Be2 Nf4 13. Bf3 O-O 14. g3 f5 15. gxf4 exf4 16. O-O-O fxe3 17. fxe3 f4 18. exf4 Rxf4 19. Rhf1 Raf8 20. Bg2 Qg5 21. Rxf4 Rxf4 22. Rf1 Nf6 23. Rxf4 Qxf4 24. Qd3 Qf2 25.
Qf3 Qxf3 26. Bxf3 Bc8 27. Bg2 Nh5 28. Bf1 Nf4 29. h4 Bg4 30. e5 dxe5 31. dxe5 Ng6 32. Bd3 Nxe5 33. Be4 Be6 34. Bd5 Bxd5 35. cxd5 Kf7 36. Ne4 h6 37. h5 Ke7 38. Ng3 Nd3+ 39. Kd2 Nf4 40. Nf5+ Kf6 41. d6 cxd6 42. Nxd6 Nxh5 43.
Nc8 Nf4 44. Nxa7 g5 45. Nc8 b5 46. Nd6 h5 47. Nxb5 h4 48. a4 h3 49. Nd6 Ke5 50.
Nc4+ Ke4 51. Ne3 Kf3 52. Nf1 Kf2 53. Ne3 h2 54. Ng4+ Kg3 55. Nxh2 Kxh2 56. a5 Ne6 57. a6 Nc7 58. a7 g4 0-1

[Event "Betsys MČR v online bleskovém šachu 2021"]
[Site "Chess.com"]
[Date "2021.04.17"]
[Round "8"]
[White "HonzaRubes95"]
[Black "Eliska0107"]
[Result "0-1"]
[WhiteElo "2460"]
[BlackElo "2030"]
[TimeControl "180+1"]
[EndTime "10:22:21 PDT"]
[Termination "Uživatel Eliska0107 zvítězil na čas"]

1. Nf3 c5 2. e4 Nc6 3. Nc3 d6 4. d4 cxd4 5. Nxd4 Nf6 6. Be2 Bd7 7. O-O e6 8. Be3 Be7 9. Nb3 O-O 10. f4 a6 11. a4 b6 12. g4 Qc7 13. g5 Ne8 14. f5 exf5 15. Nd5 Qd8 16. Bxb6 Qb8 17. Nxe7+ Nxe7 18. a5 fxe4 19. Qd4 Bc6 20. c4 Nc8 21. Bg4 Nxb6 22. axb6 a5 23. Rxa5 Qd8 24. Rxa8 Bxa8 25. h4 d5 26. c5 Nd6 27. cxd6 Qxd6 28. Kg2 h6 29. Nc5 Bc6 30. b7 hxg5 31. hxg5 Qe7 32. Rf5 Bxb7 33. Nxb7 Qxb7 34. Rxd5 e3 35. Bf3 Re8 36. Re5 Qb8 37. Rxe8+ Qxe8 38. Qe4 Qb5 39. Qxe3 Qxb2+ 40. Kg3 Qb8+ 41. Qf4 Qb5 42. Kg4 Qb6 43. Bd5 Qg1+ 44. Kf3 Qd1+ 45. Ke4 Qc2+ 46. Ke5 Qc3+ 47. Kd6 Qa3+ 48. Kd7 Qa7+ 49. Qc7 Qa4+ 50. Ke7 Qa3+ 51. Qd6 Qe3+ 52. Kd8 Qxg5+ 53. Kd7 Qf5+ 54. Ke8 g6 55.
Qe7 Kg7 0-1

[Event "Betsys MČR v online bleskovém šachu 2021"]
[Site "Chess.com"]
[Date "2021.04.17"]
[Round "8"]
[White "sachmaty8"]
[Black "vasekpaulus"]
[Result "0-1"]
[WhiteElo "1817"]
[BlackElo "2058"]
[TimeControl "180+1"]
[EndTime "10:22:22 PDT"]
[Termination "Uživatel vasekpaulus zvítězil po vzdání soupeře"]

1. e4 c5 2. Nf3 Nc6 3. c3 d5 4. exd5 Qxd5 5. d4 Nf6 6. Be2 e6 7. O-O Be7 8. Bf4 cxd4 9. cxd4 O-O 10. Nc3 Qf5 11. Bg3 Rd8 12. Qa4 Ne4 13. Bb5 Nxg3 14. hxg3 Bd7 15. Rad1 a6 16. Bd3 Qh5 17. Qb3 b5 18. d5 Ne5 19. Nxe5 Qxe5 20. Qc2 h6 21. Rfe1 Qc7 22. Qe2 b4 23. dxe6 Bxe6 24. Ne4 Rac8 25. b3 a5 26. Nd2 Qd7 27. Nc4 Qa7 28. Qe4 g6 29. Qe2 Rd5 30. Bxg6 Rxd1 31. Rxd1 Kg7 32. Bd3 Bf6 33. Re1 Rd8 34. Qe4 Qd4 35. Qh7+ Kf8 36.
Be4 Qc3 37. Rf1 Ke7 38. Qxh6 Rd4 39. Qe3 Qxe3 40. Nxe3 Rxe4 41. Rd1 Bd4 42. Nc4 Bxc4 43. bxc4 Bc3 44. c5 Rc4 45. Rd5 a4 46. Kh2 a3 47.
c6 Rxc6 48. Rb5 Rc4 49. f3 Rd4 50. g4 Rd2 51. Kg3 Rxa2 52. Rd5 Rd2 53. Rc5 a2 54. Ra5 a1=Q 55. Rxa1 Bxa1 0-1

[Event "Betsys MČR v online bleskovém šachu 2021"]
[Site "Chess.com"]
[Date "2021.04.17"]
[Round "8"]
[White "FormerProdigy"]
[Black "MartinHollan"]
[Result "1-0"]
[WhiteElo "2868"]
[BlackElo "2604"]
[TimeControl "180+1"]
[EndTime "10:22:23 PDT"]
[Termination "Uživatel FormerProdigy zvítězil po vzdání soupeře"]

1. e4 c5 2. Nf3 Nc6 3. Nc3 g6 4. d4 cxd4 5. Nxd4 Bg7 6. Be3 Nf6 7. Bc4 O-O 8. Bb3 Re8 9. f3 d5 10. exd5 Na5 11. Nde2 Nxb3 12. axb3 b6 13. Qd2 Bb7 14. Rd1 Qd7 15. O-O Rad8 16. Bd4 Qc8 17. Nf4 g5 18. Bxf6 Bxf6 19. Nh5 Bxc3 20. Qxg5+ Kh8 21.
bxc3 Qxc3 22. Rd3 Qb2 23. c4 Rg8 24. Qd2 Qxd2 25. Rxd2 Rg5 26. Ng3 e6 27. d6 Rc5 28. Ra1 a5 29. Ne4 Bxe4 30. fxe4 f6 31. Kf2 Rc6 32. Rad1 Kg7 33. d7 Kf7 34. Rd6 Rc7 35.
Rxb6 Rcxd7 36. Rxd7+ Rxd7 37. Ke3 Ra7 38. c5 a4 39.
bxa4 Rxa4 40. Rb7+ Ke8 41. Rxh7 Rc4 42. Rc7 Kd8 43.
Rf7 Rc2 44. Rxf6 Rxg2 45. Rxe6 Rxh2 46. Kd4 Kd7 47. Rd6+ Kc7 48. Rg6 Rd2+ 49. Ke5 Rc2 50. Kd5 Rd2+ 51. Ke6 Kc6 52. e5 Kxc5 53. Rg1 Rc2 54.
Ke7 Kc6 55. e6 Kc7 56. Rd1 Rc3 57. Ke8 Kc8 58. e7 Rc2 59. Rf1 1-0

[Event "Betsys MČR v online bleskovém šachu 2021"]
[Site "Chess.com"]
[Date "2021.04.17"]
[Round "8"]
[White "Soural_J"]
[Black "ffbp3q"]
[Result "0-1"]
[WhiteElo "2188"]
[BlackElo "2365"]
[TimeControl "180+1"]
[EndTime "10:22:23 PDT"]
[Termination "Uživatel ffbp3q zvítězil na čas"]

1. Nf3 d5 2. c4 d4 3. e3 c5 4. exd4 cxd4 5. d3 Nc6 6. g3 Nf6 7. Bg2 g6 8. O-O Bg7 9. Re1 O-O 10. Na3 Re8 11. Bf4 Bg4 12. h3 Bd7 13. Nb5 Rc8 14. Nbxd4 Nh5 15. Nxc6 Bxc6 16. Be5 f6 17. Bc3 e5 18. b4 a6 19. a4 Bd7 20. Nd2 Qc7 21. Rc1 Rcd8 22. d4 exd4 23. Rxe8+ Bxe8 24. Bb2 f5 25.
Nf3 d3 26. Bxg7 Qxg7 27. Ng5 Qe7 28. Bd5+ Rxd5 29. cxd5 Qxg5 30. Rc8 Kf8 31. Qxd3 Qe7 32. d6 Qd7 33. Rc7 Qxa4 34. Qd4 Bd7 35. Qh8+ Kf7 36. Qxh7+ Ng7 37. Qh8 Qd1+ 38. Kg2 Qxd6 39. Rc2 Bc6+ 40. Rxc6 Qxc6+ 41. Kg1 Qd6 42. Qc8 Qxb4 43. Qd7+ Qe7 44.
Qc8 a5 45. Qc4+ Ne6 46. Qb5 Qc7 47. h4 Qc6 48. Qxa5 b5 49. Qa7+ Kf6 50. Qa1+ Ke7 51.
Qa7+ Qc7 52. Qa3+ Qd6 53. Qa7+ Qc7 54. Qa3+ Qc5 0-1